 Dungeon Crawl Stone Soup version 0.31-a0-744-gbc345e7fcb (webtiles) character file.

Game seed: 15562045287341112142

4822 jasper the Reanimator (level 10, -5/48 HPs)
             Began as a Spriggan Venom Mage on Sept 11, 2023.
             Was a Believer of Vehumet.
             Slain by a troll (10 damage)
             ... on level 9 of the Dungeon on Sept 13, 2023.
             The game lasted 00:24:22 (8673 turns).

jasper the Reanimator (Spriggan Venom Mage)         Turns: 8673, Time: 00:24:23

Health: -5/48      AC:  3    Str:  4    XL:     10   Next: 25%
Magic:  1/18       EV: 18    Int: 22    God:    Vehumet [**....]
Gold:   344        SH:  0    Dex: 21    Spells: 4/19 levels left

rFire   . . .        g - +4 trident (vamp)
rCold   . . .        (shield currently unavailable)
rNeg    + . .        y - +0 robe of the Barber Surgeon {+Inv rN+ Regen+}
rPois   .            (helmet restricted)
rElec   .            B - +0 cloak
rCorr   .            (gloves unavailable)
SInv    +            (boots unavailable)
Will    +....        (no amulet)
Stlth   +++          D - +6 ring of dexterity
HPRegen 1.08/turn    (no ring)
MPRegen 0.16/turn

%: no passive effects
@: very slightly contaminated, very quick
A: very small, no large weapons, unfitting armour, see invisible, speed 3,
robust 1
a: Renounce Religion, Evoke Invisibility


You were on level 9 of the Dungeon.
You worshipped Vehumet.
Vehumet was pleased with you.
You visited 2 branches of the dungeon, and saw 12 of its levels.

You collected 344 gold pieces.

Inventory:

Hand Weapons
 d - a +1 short sword
 e - a +0 dagger
 g - a +4 vampiric trident (weapon)
 s - a +2 broad axe of flaming
Missiles
 b - a throwing net
 c - 76 stones
 o - 8 boomerangs
Armour
 a - a +0 robe
 m - an orb of energy
 t - +0 steam dragon scales
 y - the +0 robe of the Barber Surgeon (worn) {+Inv rN+ Regen+}
   (You found it on level 7 of the Dungeon)

   rN+:       It protects you from negative energy.
   +Inv:      It lets you turn invisible.
   Regen+:    It increases your rate of health regeneration.
 B - a +0 cloak (worn)
Magical Staves
 h - a staff of air
Jewellery
 D - a +6 ring of dexterity (left hand)
Scrolls
 j - a scroll of enchant weapon
 q - a scroll of acquirement {unknown}
 r - a scroll of fog {unknown}
 u - a scroll of amnesia {unknown}
 x - a scroll of enchant armour {unknown}
 A - a scroll of teleportation
 E - a scroll of noise {unknown}
Potions
 f - a potion of ambrosia {unknown}
 i - a potion of invisibility {unknown}
 k - a potion of brilliance {unknown}
 l - 6 potions of curing
 n - 2 potions of might {unknown}
 p - 2 potions of heal wounds {unknown}
 v - 2 potions of resistance {unknown}
 w - a potion of magic
 z - a potion of lignification {unknown}
 C - a potion of mutation


   Skills:
 + Level 0.7 Fighting
 + Level 3.2 Dodging
 + Level 3.6 Stealth
 - Level 5.0 Spellcasting
 - Level 1.0 Conjurations
 - Level 8.3 Necromancy
 - Level 1.3 Transmutations
 - Level 1.0 Air Magic
 - Level 8.3 Earth Magic
 - Level 7.0 Poison Magic


You had 4 spell levels left.
You knew the following spells:

 Your Spells              Type           Power      Damage    Failure   Level
a - Sting                 Tmut/Pois      92%        1d7       1%          1
b - Poisonous Vapours     Pois/Air       46%        N/A       3%          2
c - Mephitic Cloud        Conj/Pois/Air  18%        N/A       9%          3
d - Olgreb's Toxic Radia  Pois           36%        N/A       5%          4
e - Borgnjor's Vile Clut  Necr/Erth      21%        N/A       9%          5

Your spell library contained the following spells:

 Spells                   Type           Power      Damage    Failure   Level
 Freeze                   Ice            20%        1d4       10%         1
 Animate Dead             Necr           42%        N/A       3%          4
 Magic Dart               Conj           36%        1d4       7%          1
 Call Imp                 Summ           10%        N/A       16%         2
 Lesser Beckoning         Tloc           10%        N/A       16%         2
 Dazzling Flash           Conj/Hex       14%        N/A       24%         3
 Ozocubu's Armour         Ice            5%         N/A       30%         3
 Volatile Blastmotes      Fire/Tloc      10%        2d10      30%         3
 Dimensional Bullseye     Hex/Tloc       2%         N/A       69%         4
 Passage of Golubria      Tloc           5%         N/A       69%         4
 Death Channel            Necr           21%        N/A       45%         6
 Metabolic Englaciation   Hex/Ice        2%         N/A       95%         5
 Simulacrum               Ice/Necr       11%        N/A       95%         6
 Starburst                Conj/Fire      3%         6d3       100%        6
 Maxwell's Capacitive Co  Air            4%         ∞         100%        8


Dungeon Overview and Level Annotations

Branches:
Dungeon (11/15)            Temple (1/1) D:6            Lair (0/5) D:8
    Orc: D:9-12

Altars:
Ashenzari
Cheibriados
Dithmenos
Elyvilon
Fedhas
Gozag
Kikubaaqudgha
Makhleb
Nemelex Xobeh
Okawaru
Qazlal
Ru
Trog
Uskayaw
Vehumet
Wu Jian
Xom
Yredelemnul
Zin
The Shining One

Shops:
D:3 (


Innate Abilities, Weirdness & Mutations

You are very small and have problems with some larger weapons.
You are too small for most types of armour.
You have supernaturally acute eyesight. (SInv)
You cover ground extremely quickly. (Speed+++)
You are robust. (+10% HP)


Message History

You barely miss the troll.
The troll is almost dead.
The troll barely misses you. The troll completely misses you.
The troll barely misses you.
You completely miss the troll.
The troll is almost dead.
The troll looks more healthy.
The troll completely misses you. The troll barely misses you.
The troll claws you!
You take 5 damage, and have 26/48 hp.
You barely miss the troll.
The troll is almost dead.
The troll bites you! The troll claws you.
* * * LOW HITPOINT WARNING * * *
The troll closely misses you.
You take 15 damage, and have 11/48 hp.
MASSIVE DAMAGE!!
The troll attacks as it pursues you! The troll bites you!
* * * LOW HITPOINT WARNING * * *
The troll barely misses you. The troll closely misses you.
You take 7 damage, and have 4/48 hp.
Casting: Borgnjor's Vile Clutch (quite dangerous; 9% risk of failure)
Confirm with . or Enter, or press ? or * to list all spells.
Aiming: Mephitic Cloud (dangerous; 9% risk of failure)
Press: ? - help, Shift-Dir - straight line, f/p - troll
Aim: a troll (severely wounded, chance to affect: 67%)
You miscast Mephitic Cloud.
You are very lightly contaminated with residual magic.
Nothing appears to happen.
You regained 2 hp, and now have 8/48 hp.
You now have 3/18 mp.
Casting: Mephitic Cloud (dangerous; 9% risk of failure)
Confirm with . or Enter, or press ? or * to list all spells.
Aiming: Poisonous Vapours (safe; 3% risk of failure)
Press: ? - help, Dir - move target, f/p - troll
Aim: a troll (severely wounded) Poisonous vapours surround the troll!
The troll is poisoned.
You now have 1/18 mp.
The troll barely misses you. The troll claws you.
* * * LOW HITPOINT WARNING * * *
The troll claws you!
You die...

#...# ... #...##
##..# #.>#.###.#.# #.
#..##)...#.# #.
##..#...#.#.# # ..
............###
.##.####..##........#
.
.)......###.#)).####
#)##.####....)..@##
...).)##.......T.#
#).)..........#
.....###........##
#.### ##<#.....# #
#.###...... #.#
####### #.# ..#


You could see a troll (very poisoned).

Vanquished Creatures
  Jeremiah (D:6)
  Maggie (D:6)
  A kobold demonologist (D:11)
  A troll (D:10)
  2 hornets
  A basilisk (D:11)
  A steam dragon (D:10)
  3 water moccasins
  2 sky beasts (D:7)
  4 orc warriors
  2 ice beasts
  2 black bears
  2 ogres
  3 kobold brigands
  A bullfrog (D:6)
  2 scorpions
  6 killer bees (D:8)
  4 howler monkeys
  2 hounds (D:6)
  2 jellies
  5 orc priests
  A sleepcap (D:5)
  10 orc wizards
  4 iguanas
  7 adders
  2 white imps (D:6)
  A worm (D:3)
  2 dart slugs
  35 orcs
  6 bats
  6 endoplasms
  5 giant cockroaches
  9 goblins
  7 hobgoblins
  7 quokkas
  6 ball pythons
  2 frilled lizards
  15 kobolds
  2 rats
175 creatures vanquished.

Notes
Turn   | Place    | Note
-------+----------+-------------------------------------------
     0 | D:1      | jasper the Spriggan Venom Mage began the quest for the Orb.
     0 | D:1      | Reached XP level 1. HP: 9/9 MP: 5/5
   206 | D:1      | Reached XP level 2. HP: 13/13 MP: 2/7
   209 | D:1      | Learned a level 2 spell: Poisonous Vapours
  1057 | D:1      | Reached XP level 3. HP: 13/16 MP: 0/9
  1391 | D:2      | Gained mutation: You are robust. (+10% HP) [potion of
                  | mutation]
  1501 | D:2      | Learned a level 3 spell: Mephitic Cloud
  1888 | D:2      | Reached XP level 4. HP: 23/23 MP: 8/11
  1893 | D:2      | Learned a level 4 spell: Olgreb's Toxic Radiance
  2340 | D:3      | Found Deriteeqat's Weapon Boutique.
  2789 | D:3      | Found an ornate altar of the Wu Jian Council.
  2971 | D:4      | Noticed an orc warrior
  3080 | D:4      | Upgraded the game from 0.31-a0-728-g01b46875f1 to
                  | 0.31-a0-744-gbc345e7fcb
  3170 | D:4      | Reached skill level 5 in Poison Magic
  3249 | D:4      | Reached XP level 5. HP: 5/26 MP: 7/12
  3549 | D:4      | Killed an orc warrior
  3550 | D:4      | Reached XP level 6. HP: 10/30 MP: 11/13
  4089 | D:4      | Reached skill level 1 in Air Magic
  4179 | D:4      | Got Uburhu's Grimoire of the Blink Frog
  4481 | D:5      | Entered Level 5 of the Dungeon
  4498 | D:5      | Reached skill level 1 in Conjurations
  4599 | D:5      | Reached XP level 7. HP: 35/35 MP: 9/15
  4605 | D:5      | Learned a level 5 spell: Borgnjor's Vile Clutch
  4668 | D:5      | Reached skill level 5 in Spellcasting
  4750 | D:5      | Reached skill level 1 in Necromancy
  4750 | D:5      | Reached skill level 1 in Earth Magic
  4863 | D:5      | Noticed a wraith
  5126 | D:5      | You fall into a shaft and drop 1 floor!
  5135 | D:6      | Found a staircase to the Ecumenical Temple.
  5148 | Temple   | Found a transporter.
  5148 | Temple   | Found a transporter.
  5148 | Temple   | Found a transporter.
  5148 | Temple   | Found a transporter.
  5148 | Temple   | Entered the Ecumenical Temple
  5169 | Temple   | Became a worshipper of Vehumet
  5341 | D:6      | Noticed Jeremiah
  5370 | D:6      | Killed Jeremiah
  5371 | D:6      | Reached XP level 8. HP: 39/39 MP: 0/16
  5699 | D:6      | Reached skill level 5 in Necromancy
  5837 | D:6      | Reached skill level 5 in Earth Magic
  5951 | D:6      | Noticed Maggie
  6119 | D:6      | Killed Maggie
  6120 | D:6      | Reached XP level 9. HP: 42/42 MP: 4/17
  6728 | D:7      | Reached * piety under Vehumet
  6728 | D:7      | Offered knowledge of Shock by Vehumet.
  7336 | D:7      | Identified the +0 robe of the Barber Surgeon {+Inv rN+
                  | Regen+}
  8028 | D:8      | Found a staircase to the Lair.
  8028 | D:8      | You fall into a shaft and drop 3 floors!
  8191 | D:11     | Noticed a kobold demonologist
  8194 | D:11     | Noticed a soul eater
  8196 | D:11     | Noticed a red devil
  8200 | D:11     | Killed a kobold demonologist
  8201 | D:11     | Reached XP level 10. HP: 48/48 MP: 8/18
  8223 | D:10     | Entered Level 10 of the Dungeon
  8642 | D:9      | Offered knowledge of Freeze by Vehumet.
  8643 | D:9      | Reached ** piety under Vehumet
  8673 | D:9      | Slain by a troll

Illustrated notes

Levels and vault maps discovered:
D:1:      wander_arrival_fairy_ring, layout_rooms
D:2:      layout_rooms, chequers_big_river, feat_on_display
D:3:      layout_rooms, mainiacjoe_overflow_six_doors_small, serial_shops,
          nicolae_shop_window_shopping
D:4:      minmay_evil_eye, layout_basic
D:5:      layout_cave_pools, minmay_manual_monolith
D:6:      layout_rooms, temple_fountains, uniq_jeremiah, uniq_maggie
D:7:      layout_layer_cave, minmay_misc_feat_nine_boxes, chequers_avenue,
          kennysheep_generic_room_3
D:8:      minmay_weird_star, layout_cave_pools, lair_entry_dummy
D:9:      layout_loops_ring, nicolae_hepliaklqana_hazy_memory, tgw_sif,
          serial_shops, nicolae_shop_overgrown_old_shop, st_stairs_4
D:10:     layout_basic, eino_jars
D:11:     layout_basic, portal_ice_cave_entry_pillars_2
Temple:   hellmonk_temple_divided_pantheon

Skill      XL: |  1  2  3  4  5  6  7  8  9 10 |
---------------+-------------------------------+-----
Spellcasting   | 3 4 5 |  5.0
Poison Magic   | 4 5 6 7 |  7.0
Air Magic      | 1 |  1.0
Conjurations   | 1 |  1.0
Necromancy     | 4 5 7 8 |  8.3
Earth Magic    | 4 5 7 8 |  8.3
Dodging        | 3 |  3.2
Fighting       | |  0.7
Stealth        | |  3.6
Transmutations | |  1.3

Action                     |  1- 3 |  4- 6 |  7- 9 | 10-12 || total
---------------------------+-------+-------+-------+-------++-------
  Melee: Short sword       |     3 |    22 |    19 |       ||    44
         Trident           |       |       |    33 |    17 ||    50
  Throw: Boomerang         |       |       |     2 |       ||     2
   Cast: Sting             |    78 |    73 |    81 |       ||   232
         Poisonous Vapours |     6 |    22 |    36 |    12 ||    76
         Olgreb's Toxic Ra |       |     7 |    23 |     5 ||    35
         Mephitic Cloud    |       |     2 |     4 |     3 ||     9
         Borgnjor's Vile C |       |       |     4 |     4 ||     8
    Use: Scroll            |     3 |     3 |     3 |     1 ||    10
         Potion            |     2 |     1 |       |     1 ||     4
   Stab: Confused          |       |       |     3 |       ||     3
 Armour: Robe              |    17 |    17 |    56 |    26 ||   116
         Steam dragon scal |       |       |    14 |       ||    14
  Dodge: Dodged            |    29 |    28 |   101 |    42 ||   200

Table legend: (Time is in decaauts)
 A = Elapsed time spent in this place.
 B = Non-inter-level travel time spent in this place.
 C = Inter-level travel time spent in this place.
 D = Time resting spent in this place.
 E = Time spent auto-exploring this place.
 F = Levels seen in this place.
 G = Mean time per level.
                   A        B        C        D        E       F      G
               +--------+--------+--------+--------+--------+-----+--------+
         Total |   7112 |   7040 |     72 |    606 |   5076 |  12 |  592.7 |
       Dungeon |   6871 |   6810 |     61 |    425 |   5076 |  11 |  624.6 |
        Temple |    241 |    231 |     10 |    181 |      0 |   1 |  241.0 |
               +--------+--------+--------+--------+--------+-----+--------+

Top non-repeatable levels by time:
     D:4: 1281 daAuts
     D:1: 965 daAuts
     D:6: 913 daAuts
     D:2: 757 daAuts
     D:3: 721 daAuts
     D:7: 700 daAuts
     D:8: 530 daAuts
     D:5: 456 daAuts
  Temple: 241 daAuts
    D:10: 213 daAuts
    D:11: 169 daAuts
     D:9: 161 daAuts
